Cogmind - Beta 13 X1 @@@ ROGUE MODE // 2023.08.31 @ 19:02:54 Player: Jezoensis Result: Destroyed by D-53 Grenadier with Mini Grenade Launcher Performance ------------- Evolutions (0) 0 Regions Visited (4) 800 Robots Destroyed (18) 90 Value Destroyed (504) 504 Prototype IDs (0) 0 Alien Tech Used (0) 0 Bonus (0) 0 TOTAL SCORE: 1394 Bonus ------- None Cogmind --------- Core Integrity 0/250 Matter 296/300 Energy 92/100 System Corruption 12% Temperature Cool (0) Movement Core (150) Ox2 Location -9/Mines Parts ------- > --- POWER (1) -------- (None) > --- PROPULSION (2) --- (None) > --- UTILITY (2) ------ Improved Heat Sink Small Storage Unit > --- WEAPON (2) ------- Small Laser > --- INVENTORY (8) ---- Wheel Compact Wheel High-capacity Storage Unit High-capacity Matter Pod (200) Structural Scanner Improved Terrain Scanner Seismic Detector Mining Laser Peak State ------------ > --- POWER ------------ Light Ion Engine > --- PROPULSION ------- Light Treads Light Treads > --- UTILITY ---------- Improved Heat Sink Small Storage Unit > --- WEAPON ----------- Small Laser Bore Cannon > --- INVENTORY -------- Wheel Wheel Compact Wheel High-capacity Storage Unit High-capacity Matter Pod Improved Terrain Scanner Seismic Detector Mining Laser [Rating: 14] Favorites ----------- Power Light Ion Engine Engine Light Ion Engine Propulsion Wheel Treads Light Treads Wheel Wheel Utility Small Storage Unit Device Seismic Detector Storage Small Storage Unit Protection Light Armor Plating Weapon Small Laser Energy Gun Small Laser Ballistic Gun Assault Rifle Ballistic Cannon Light Cannon Build | -11 -10 -10 -10 -9 ------- Run | Jun Mat Min Exi Min Slots Evolved . | . . . . . Power . | . . . . . Propulsion . | . . . . . Utility . | . . . . . Weapon . | . . . . . Parts Attached 57 | 8 34 4 . 11 Power 4 | 1 2 . . 1 Engine 4 | 1 2 . . 1 Core . | . . . . . Reactor . | . . . . . Propulsion 26 | 3 13 2 . 8 Treads 11 | . 6 1 . 4 Leg . | . . . . . Wheel 15 | 3 7 1 . 4 Hover . | . . . . . Flight . | . . . . . Utility 15 | 2 10 2 . 1 Device 13 | 1 9 2 . 1 Storage 1 | 1 . . . . Processor . | . . . . . Hackware . | . . . . . Protection 1 | . 1 . . . Artifact . | . . . . . Weapon 12 | 2 9 . . 1 Energy Gun 5 | . 5 . . . Energy Cannon . | . . . . . Ballistic Gun 3 | 2 1 . . . Ballistic Cannon 4 | . 3 . . 1 Launcher . | . . . . . Special Weapon . | . . . . . Impact Weapon . | . . . . . Slashing Weapon . | . . . . . Piercing Weapon . | . . . . . Special Melee Weapon . | . . . . . Unidentified Prototypes . | . . . . . Corrupted Parts 1 | . . . . 1 System Corruption 12 | . . . . 12 Parts Lost 9 | . 4 . . 5 Power 2 | . 1 . . 1 Propulsion 3 | . 1 . . 2 Utility . | . . . . . Weapon 4 | . 2 . . 2 Highest Loss Streak 4 | . 4 . . 4 To Critical Strikes . | . . . . . Average Slot Usage (%) 99 | . 99 100 100 98 Engine 13 | . 14 14 14 13 Treads 3 | . 2 . . 10 Wheel 24 | . 25 27 28 17 Device 13 | . 13 14 14 14 Storage 14 | . 14 14 14 14 Energy Gun 16 | . 10 28 28 15 Ballistic Gun 5 | . 9 . . . Ballistic Cannon 5 | . 7 . . 11 Naked Turns . | . . . . . Heaviest Build 19 | 12 14 11 11 19 Greatest Support 40 | 26 26 26 26 40 Greatest Overweight (x) 1 | . 1 1 . . Average Overweight (x) . | . . . . . Largest Inventory Capacity 8 | 8 8 8 8 8 Average Capacity 7 | 6 8 8 8 8 Most Carried 8 | 6 8 8 6 8 Average Carried 7 | 3 7 7 6 7 Final Capacity 8 | 8 8 8 8 8 Final Carried 8 | 6 8 6 6 8 Class Distribution -------------------- 50% | Mutant 49% | Scavenger-Mutant Dominant Class ---------------- Mutant | -10/Materials Scavenger-Mutant | -10/Mines Scavenger-Mutant | -10/Exiles Scavenger-Mutant | -9/Mines Resources | -11 -10 -10 -10 -9 ----------- Run | Jun Mat Min Exi Min Matter Collected 1197 | 281 433 171 98 214 Remotely . | . . . . . Salvage Created 590 | 20 428 57 . 85 Parts 35 | 3 29 2 . 1 Haulers Intercepted 1 | . 1 . . . Recyclers Shooed 4 | . 3 1 . . Parts Field Recycled . | . . . . . Retrieved Matter . | . . . . . Parts Self-Destructed . | . . . . . Prevented . | . . . . . Kills | -11 -10 -10 -10 -9 ------- Run | Jun Mat Min Exi Min Combat Hostiles Destroyed 20 | . 12 1 . 7 Guns 9 | . 7 1 . 1 Cannons 11 | . 5 . . 6 Classes Destroyed 7 | 1 4 . . 2 Tunneler 2 | 1 1 . . . Hauler 1 | . 1 . . . Operator 1 | . 1 . . . Swarmer 3 | . 3 . . . Grunt 10 | . 9 1 . . Demolisher 1 | . . . . 1 Assembled 6 | . . . . 6 Best Kill Streak 5 | 1 3 1 . 5 Combat Bots Only 5 | . 2 1 . 5 Max Kills in Single Turn 2 | 1 2 1 . 1 Gunslinging 1 | . 1 . . . Exploded . | . . . . . Melee . | . . . . . Uniques/NPCs Destroyed . | . . . . . Combat | -11 -10 -10 -10 -9 -------- Run | Jun Mat Min Exi Min Damage Taken 1522 | . 831 12 . 679 Core 250 | . 117 12 . 121 Absorbed by Shields . | . . . . . Core Remaining (%) 100 | 100 . . . . Volleys Fired 97 | 2 61 4 . 30 Largest 2 | 2 2 2 . 2 Hottest 97 | 40 80 80 . 97 Shots Fired 168 | 4 121 8 . 35 Gun 117 | 4 89 8 . 16 Cannon 51 | . 32 . . 19 Launcher . | . . . . . Special . | . . . . . Kinetic 104 | 4 81 . . 19 Thermal 64 | . 40 8 . 16 Explosive . | . . . . . Electromagnetic . | . . . . . Robot Hit Streak 14 | 3 14 2 . 4 Robot Miss Streak 5 | . 3 4 . 5 Penetration Max . | . . . . . Secondary Targets 2 | . 2 . . . Max Gunslinging Chain 1 | . 1 . . . Shots Hit Robots 105 | 3 78 3 . 21 Core Hits 39 | 1 24 2 . 12 Critical Kills 4 | . . . . 4 Critical Parts Destroyed 3 | . . . . 3 Critical Strikes 8 | . 1 . . 7 Destroy 7 | . . . . 7 Blast 1 | . 1 . . . Melee Attacks . | . . . . . Impact . | . . . . . Slashing . | . . . . . Piercing . | . . . . . Sneak Attacks . | . . . . . Combat Hostiles . | . . . . . Follow-up Attacks . | . . . . . Damage Inflicted 1498 | 45 1039 33 . 381 Guns 910 | 45 715 33 . 117 Cannons 588 | . 324 . . 264 Explosions . | . . . . . Melee . | . . . . . Ramming . | . . . . . Kinetic 994 | 45 685 . . 264 Thermal 504 | . 354 33 . 117 Explosive . | . . . . . Electromagnetic . | . . . . . Impact . | . . . . . Slashing . | . . . . . Piercing . | . . . . . Highest Corruption 12 | . . . . 12 Average Corruption 12 | . . . . 12 Corruption Purged . | . . . . . Corruption Blocked . | . . . . . Effects 6 | . . . . 6 Message Errors 1 | . . . . 1 Heat Flow Errors 2 | . . . . 2 Parts Rejected 1 | . . . . 1 Data Loss (minor) 1 | . . . . 1 Weapon Failures 1 | . . . . 1 Overload Shots . | . . . . . Overflow Damage . | . . . . . Projectiles . | . . . . . Explosions . | . . . . . Melee . | . . . . . Knockbacks 6 | . 4 . . 2 Impact . | . . . . . Kinetic 6 | . 4 . . 2 Secondary . | . . . . . Self-Inflicted Damage . | . . . . . Shots . | . . . . . Rammed . | . . . . . Targets Rammed . | . . . . . Kicked . | . . . . . Crushed . | . . . . . Highest Temperature 268 | . 186 56 . 268 Average Temperature 54 | . 51 31 . 63 Received Heat Transfer 515 | . 369 6 . 140 Siege Activations . | . . . . . Robots Corrupted . | . . . . . Combat Hostiles . | . . . . . Parts Fried . | . . . . . Impact Corruptions . | . . . . . Robots Melted . | . . . . . Combat Hostiles . | . . . . . Parts Melted . | . . . . . Heat Transferred 1125 | . 775 75 . 275 Parts Sabotaged . | . . . . . Parts Stolen . | . . . . . Parts Stripped . | . . . . . Power Chain Reactions . | . . . . . Missiles Intercepted . | . . . . . Alert | -11 -10 -10 -10 -9 ------- Run | Jun Mat Min Exi Min Peak Influence 354 | 5 354 132 . 57 Initial 82 | . 3 82 . . Average 135 | 2 181 99 . 22 Maximum Alert Level 1 | . 1 . . . Low Security (%) 70 | 100 53 100 . 100 Level 1 29 | . 46 . . . Level 2 . | . . . . . Level 3 . | . . . . . Level 4 . | . . . . . Level 5 . | . . . . . High Security . | . . . . . Max Security . | . . . . . Squads Dispatched 3 | . 3 . . . Investigation 3 | . 3 . . . Extermination . | . . . . . Reinforcement . | . . . . . Assault . | . . . . . Garrison . | . . . . . Intercept . | . . . . . Searches Triggered . | . . . . . Construction Impeded . | . . . . . Haulers Reinforced . | . . . . . Active Scanning Responses . | . . . . . Cargo Convoy Interrupts . | . . . . . Stealth | -11 -10 -10 -10 -9 --------- Run | Jun Mat Min Exi Min Distress Signals 2 | . 2 . . . Communications Jammed . | . . . . . Distress Signals . | . . . . . Times Spotted 36 | . 22 4 . 10 Peak Tracking Total 5 | . 5 2 . 4 Tactical Retreats 8 | . 6 . . 2 Traps | -11 -10 -10 -10 -9 ------- Run | Jun Mat Min Exi Min Traps Triggered . | . . . . . Indirectly . | . . . . . Trap Hack Attempts . | . . . . . Triggered . | . . . . . Disarmed . | . . . . . Reprogrammed . | . . . . . Reused 2 | . . 2 . . Traps Extracted . | . . . . . Installed 2 | . . 2 . . Triggered 2 | . . 2 . . Most Traps Carried 2 | . . 2 . . Machines | -11 -10 -10 -10 -9 ---------- Run | Jun Mat Min Exi Min Machines Disabled 1 | . 1 . . . Max in Single Turn 1 | . 1 . . . Machines Repaired . | . . . . . Machines Sabotaged . | . . . . . Overloaded Fab Kills . | . . . . . Hacking | -11 -10 -10 -10 -9 --------- Run | Jun Mat Min Exi Min Machines Accessed 10 | . 10 . . . Terminals 8 | . 8 . . . Fabricators . | . . . . . Repair Stations . | . . . . . Recycling Units 2 | . 2 . . . Scanalyzers . | . . . . . Garrison Access . | . . . . . Total Hacks 31 | . 31 . . . Successful 16 | . 16 . . . Failed 15 | . 15 . . . Catastrophic 3 | . 3 . . . Database Lockouts . | . . . . . Manual 19 | . 19 . . . Terminals 27 | . 27 . . . Fabricators . | . . . . . Repair Stations . | . . . . . Recycling Units 4 | . 4 . . . Scanalyzers . | . . . . . Garrison Access . | . . . . . Terminal Hacks 9 | . 9 . . . Robot Analysis 5 | . 5 . . . Terminal Index 1 | . 1 . . . Unreport Threat 1 | . 1 . . . Locate Traps 1 | . 1 . . . Hauler Manifests 1 | . 1 . . . Fabricator Hacks . | . . . . . Repair Station Hacks . | . . . . . Recycling Unit Hacks 2 | . 2 . . . Retrieve Matter 2 | . 2 . . . Scanalyzer . | . . . . . Garrison Access Hacks . | . . . . . Unauthorized Hacks 5 | . 5 . . . Terminals 3 | . 3 . . . Botnet 2 | . 2 . . . Operators 1 | . 1 . . . Fabricators . | . . . . . Repair Stations . | . . . . . Recycling Units 2 | . 2 . . . Tunnel 2 | . 2 . . . Scanalyzers . | . . . . . Garrison Access . | . . . . . Data Cores Recovered . | . . . . . Used . | . . . . . Hacking Detections 8 | . 8 . . . Full Trace Events 1 | . 1 . . . Feedback Events . | . . . . . Feedback Blocked . | . . . . . Robot Schematics Acquired . | . . . . . Robots Built . | . . . . . Authchips . | . . . . . Time . | . . . . . Total Robot Build Rating . | . . . . . Part Schematics Acquired . | . . . . . Parts Built . | . . . . . Authchips . | . . . . . Time . | . . . . . Total Part Build Rating . | . . . . . Parts Repaired . | . . . . . Time . | . . . . . Parts Recycled . | . . . . . Recycled Matter . | . . . . . Retrieved Matter 128 | . 128 . . . Retrieved Components . | . . . . . Parts Scanalyzed . | . . . . . Part Schematics Acquired . | . . . . . Parts Damaged . | . . . . . Bothacking | -11 -10 -10 -10 -9 ------------ Run | Jun Mat Min Exi Min Used RIF Installer . | . . . . . Robots Hacked . | . . . . . Non-combat . | . . . . . Combat . | . . . . . Robot Hacks Applied . | . . . . . Relay Couplers Released . | . . . . . Fabnet Peak Effective % . | . . . . . Robots Rewired . | . . . . . Allies Hacked . | . . . . . Hacks Repelled . | . . . . . Allies | -11 -10 -10 -10 -9 -------- Run | Jun Mat Min Exi Min Total Allies . | . . . . . Largest Group . | . . . . . Highest-Rated Group . | . . . . . Highest-Rated Ally . | . . . . . Total Orders . | . . . . . Ally Attacks . | . . . . . Total Damage . | . . . . . Kills . | . . . . . Allies Corrupted . | . . . . . Allies Melted . | . . . . . Intel | -11 -10 -10 -10 -9 ------- Run | Jun Mat Min Exi Min Robot Analysis Total 5 | . 5 . . . Derelict Logs Recovered 1 | . . 1 . . Drone Launches . | . . . . . Drone Recoveries . | . . . . . Exploration | -11 -10 -10 -10 -9 ------------- Run | Jun Mat Min Exi Min Turns Passed 1374 | 47 704 168 277 178 Spaces Moved 1164 | 34 564 159 308 99 Core 12 | 12 . . . . Treads 11 | . . . . 11 Legs . | . . . . . Wheels 1141 | 22 564 159 308 88 Hover . | . . . . . Flight . | . . . . . Fastest Speed 50 | 50 80 90 90 80 Average Speed 85 | 71 81 90 90 89 Slowest Speed 160 | 90 95 95 90 160 Overloaded Moves . | . . . . . Propulsion Burnouts . | . . . . . Robots Hopped . | . . . . . Cave-ins Triggered . | . . . . . Exploration Rate (%) 45 | 3 77 33 85 28 Regions Visited 4 Branch Regions 3 Pre-discovered Areas 4 | . 2 2 . . Known Exits Taken . | . . . . . Unknown Exits Taken 4 | 1 1 1 1 . Scrap Searched . | . . . . . Spaces Dug . | . . . . . Terrain Destroyed 15 | . . . . 15 Melee . | . . . . . Projectile 15 | . . . . 15 AOE . | . . . . . Terrain Rammed . | . . . . . Walls Destroyed . | . . . . . Machines Disabled . | . . . . . Actions | -11 -10 -10 -10 -9 --------- Run | Jun Mat Min Exi Min Total 1363 | 49 680 175 307 152 Wait 9 | . 3 1 . 5 Move 1160 | 33 563 158 307 99 Hop . | . . . . . Pick Up 19 | 6 8 2 . 3 Fast Attach 12 | 6 4 . . 2 Attach 6 | 1 5 . . . Detach 2 | . 2 . . . Swap 39 | 1 25 4 . 9 Drop 17 | . 9 4 . 4 Fire 97 | 2 61 4 . 30 Melee . | . . . . . Ram . | . . . . . Kick . | . . . . . Crush . | . . . . . Escape Stasis . | . . . . . Rewire . | . . . . . Trap 2 | . . 2 . . Miscellaneous . | . . . . . Route ------- -11/Junkyard -10/Materials (discovered 5 exits: [*Mat x3] / [*Min x2]) -10/Mines -10/Exiles (discovered 2 exits: [*Min x2]) -9/Mines History --------- Turn | Location | Event 10 | -11/Junkyard | Discovered new exit (range 16) 48 | -11/Junkyard | Entered Materials 59 | -10/Materials | Discovered new exit (range 16) 121 | -10/Materials | Discovered new exit (range 11) 315 | -10/Materials | Build established: Mutant 392 | -10/Materials | Discovered new exit (range 10) 538 | -10/Materials | Discovered new exit (range 11) 592 | -10/Materials | Discovered new exit (range 13) 677 | -10/Materials | Lost 4 parts (1p1n2w) 752 | -10/Materials | Entered Mines 753 | -10/Mines | Learned location of Storage (-9) 789 | -10/Mines | Found a hidden stash of uninstalled traps 831 | -10/Mines | Core integrity fell below 50% 874 | -10/Mines | Learned location of Mines (-9) 911 | -10/Mines | Build established: Scavenger-Mutant 911 | -10/Mines | Deemed a non-threat by the Exiles lab entrance 911 | -10/Mines | Discovered new exit (range 5) 920 | -10/Mines | Entered Exiles 920 | -10/Exiles | Found Exiles lab abandoned 934 | -10/Exiles | Discovered new exit (range 15) 1190 | -10/Exiles | Discovered new exit (range 10) 1197 | -10/Exiles | Entered Mines 1201 | -9/Mines | Assembled infested the area 1206 | -9/Mines | Assisted by a Guerilla fighting off Assembled 1207 | -9/Mines | Met a Derelict bent on vengeance 1216 | -9/Mines | System corruption reached 10% 1371 | -9/Mines | Core integrity fell below 20% 1375 | -9/Mines | Destroyed by D-53 Grenadier with Mini Grenade Launcher Last Messages --------------- 01320_ Acquired 48 matter. 01321_ Dropped Wheel. 01324_ Dropped Lgt. Ion Engine. 01326_ Acquired 9 matter. 01327_ Acquired 11 matter. 01338_ System corrupted: Heat flow error (+243). 01354_ D-53 Grenadier destroyed. 01356_ The unstable cave ceiling collapses. 01356_ T-07 Excavator destroyed. 01357_ HV Slug penetrates D-53 Grenadier. 01357_ D-53 Grenadier knocked back. 01358_ The unstable cave ceiling collapses. 01360_ System corrupted: Bore Cannon jammed. 01362_ Bore Cannon destroyed. 01363_ The unstable cave ceiling collapses. 01366_ Lgt. Ion Engine destroyed. 01367_ The unstable cave ceiling collapses. 01375_ Destroyed Lgt. Deuterium Engine. 01375_ Lgt. Treads destroyed. 01375_ Wheel destroyed. Map ----- +----------------------------------------------------+ | ???????????????????????????????????????????? | | ???????????????????????????????????????????? | | ???????????????????????????????????????????? | | ???????????????????????????????????????????? | | ???????????????????????????????????????????? | | ???????????????????????????????????????????? | | ???????????????????????????????????????????? | | ???????????????????????????????????????????? | | ???????????????????????????????????????????? | | ???????????????????????????????????????????? | | ???????????????????????????????????????????? | | ???????????????????????????????????????????? | | ???????????????????????????????????????????? | | ???????????????????????????????????????????? | | ???????????????????????????????????????????? | | ????????????? ????????????????????????????? | | ????????????? ???????????????????????????? | | ???????????? ??????????????????????????? | | ???????????? ?????????????????????????? | | ???????????# ????????????????????????? | | ???????????? #??#######??????????????? | | ??????????? ### # ##?????????????? | | ??????????? d ###????????????? | | ?????????? # #????????????? | | ?????????? % ! #????????????? | | ?????????? = @ #????????????? | | ?????????? # #????????????? | | ????????????# # #????????????? | | ????????????###?? # # ##????????????? | | ##????????????? ?## ##?????????????? | | ##???????????#####???## ###??????????????? | | #????????????? #???## #????????????????? | | #???????????### ##### ###??????????????? | | #???????????## #*# |########???????? | | #?############ #=# # =%!# #???????? | | ### # ## ## #???????? | | % !%= % #???????? | | = # #???????? | | #### ### # #### ##???????? | | ???### ##?## ### #??###????????? | | ?????####???### ## ####?## ##?????????????? | | ??????????????######?????####??????????????? | | ???????????????????????????????????????????? | | ???????????????????????????????????????????? | | ???????????????????????????????????????????? | | ???????????????????????????????????????????? | | ???????????????????????????????????????????? | | ???????????????????????????????????????????? | | | | | +----------------------------------------------------+ Best States ------------- Heat Dissipation 39 Energy Generation 10 Energy Capacity 125 Matter Stores 300 Matter Capacity 300 Sight Range 16 Terrain Scan Density 10 Armor Coverage 150 Evasion (%) 50 Recoil Reduction 2 Item Schematics ----------------- None Robot Schematics ------------------ None Fabricated ------------ Nothing Alien Tech Used ----------------- None Achievements -------------- None Challenges ------------ None Game ------ Seed AlphaGrenadeMace Manual? 0 Play Time 00:17:19 Cumulative 971.5 hours Start 2023.08.31 @ 18:45:49 End 2023.08.31 @ 19:02:54 Sessions 1 Manual Loads 0 Difficulty Rogue Special Mode None Game No. 504 Rogue 377 Adventurer 125 Explorer 2 Win Type - Total 114 Types 89/9/8/2/3/0/0/2/1 Lore% 82 Gallery% 89 Achievement% 83 Wizard Run 0 Options --------- ASCII 0 Keyboard 1 Movement Numpad Keybinds 0 Fullscreen 1 Font 36/TerminusFine Map View 83x50 Tactical HUD 1 Map Filters NONE Filters NONE Steam 1 RUN: 21ab6430-ba15-42d2-ab9e-019a9f555d97